 Dungeon Crawl Stone Soup version 0.17-a0-1651-gae1a69f (webtiles) character file.

2656 Sachiko the Grappler (level 9, -18/79 HPs)
             Began as a Ghoul Monk on Aug 14, 2015.
             Was a Priest of Nemelex Xobeh.
             Demolished by Mandevil's ghost (26 damage)
             ... on level 8 of the Dungeon.
             The game lasted 00:27:27 (7693 turns).

Sachiko the Grappler (Ghoul Monk)                   Turns: 7693, Time: 00:27:27

Health: -18/79     AC:  5    Str: 18    XL:     9   Next: 62%
Magic:  10/10      EV: 10    Int:  9    God:    Nemelex Xobeh [***...]
Gold:   353        SH:  0    Dex: 11    Spells: 0 memorised, 8 levels left

rFire  . . .     SeeInvis +       - Unarmed
rCold  + . .     Clarity  +     o - +2 robe of the Beginning {rElec Int+4}
rNeg   + + +     SustAt   .     (no shield)
rPois  ∞         Gourm    .     (no helmet)
rElec  +         Spirit   .     (no cloak)
rCorr  .         Warding  .     (no gloves)
rMut   .         Stasis   .     (no boots)
MR     .....                    w - amulet of clarity
Stlth  ++........               y - +1 ring of protection
                                c - ring of see invisible

@: rotting, not resistant to hostile enchantments, unstealthy
A: rotting body, claws 1, carnivore 3, cold resistance 1, negative energy
resistance 3, slow healing 1, torment resistance, unbreathing
a: Triple Draw, Renounce Religion


You were on level 8 of the Dungeon.
You worshipped Nemelex Xobeh.
Nemelex Xobeh was most pleased with you.
You were not hungry.

You visited 2 branches of the dungeon, and saw 9 of its levels.

You collected 353 gold pieces.

Inventory:

Armour
 o - the +2 robe of the Beginning (worn) {rElec Int+4}
   (You found it on level 4 of the Dungeon)

   It affects your intelligence (+4).
   It insulates you from electricity.
Jewellery
 c - a ring of see invisible (left claw)
 m - an uncursed amulet of faith {unknown}
 w - an amulet of clarity (around neck)
 y - a +1 ring of protection (right claw)
Magical devices
 d - a wand of cold (10)
 e - a wand of slowing (24)
 n - a wand of confusion (19)
 q - a wand of digging (5)
 v - a wand of draining (12)
 G - a wand of lightning (5)
Scrolls
 i - 6 scrolls of remove curse
 j - 5 scrolls of identify
 l - a scroll of recharging
 r - 3 scrolls of enchant armour
 t - 3 scrolls of amnesia
 x - a scroll of brand weapon {unknown}
 F - a scroll of immolation {unknown}
Potions
 g - a potion of cancellation {unknown}
 h - 2 potions of invisibility
 k - 2 potions of agility
 u - 3 potions of might
Miscellaneous
 z - a legendary deck of war
 H - a legendary deck of destruction {drawn: 1}
 I - an ornate deck of destruction {drawn: 3}
Comestibles
 b - 11 meat rations
 f - a slice of pizza
 E - a beef jerky


   Skills:
 + Level 7.1 Fighting
 + Level 7.8 Dodging
 - Level 2.1 Stealth
 + Level 9.2 Unarmed Combat
 * Level 2.9 Evocations


You had 8 spell levels left.
You didn't know any spells.

Dungeon Overview and Level Annotations

Branches:
Dungeon (8/15)             Temple (1/1) D:7
   Lair: D:8-11

Altars:
Cheibriados
Dithmenos
Elyvilon
Fedhas
Gozag
Kikubaaqudgha
Makhleb
Nemelex Xobeh
Okawaru
Qazlal
Ru
Sif Muna
Vehumet
Xom
Yredelemnul
Zin

Shops:
D:5 !

Annotations:
D:6 1 runed door
D:8 Mandevil's ghost, experienced OgAM


Innate Abilities, Weirdness & Mutations

Your body is rotting away.
You thrive on raw meat.
You are immune to poison.
You have sharp fingernails.
You are carnivorous and can eat meat at any time.
Your flesh is cold resistant.
You are immune to negative energy.
You heal slowly when monsters are visible.
You are immune to unholy pain and torment.
You can survive without breathing.


Message History

Some of the chunks of flesh in your inventory have rotted away.
You start resting.
All of the chunks of flesh in your inventory have rotted away.
You start resting.
HP restored.
There is a stone staircase leading up here.
There is a stone staircase leading up here.
Mandevil's ghost is too close now for your liking.
Mandevil's ghost turns its malevolent gaze towards you.
You barely miss Mandevil's ghost. Mandevil's ghost hits you!!
You closely miss Mandevil's ghost. Mandevil's ghost hits you!!!
* * * LOW HITPOINT WARNING * * *
You hear a bark!
Mandevil's ghost whispers, "There is no future for you."
Mandevil's ghost hits you!
* * * LOW HITPOINT WARNING * * *
There is a stone staircase leading up here.
Mandevil's ghost hits you!!
You die...
Your body disappears without a glow.

##.....................# #
##..##..................#
####.......................##
W...........................## #
.............................####
..............................#..
................h...>............
................W...............#
................@..............##
...............................##
...........................##...#
...!......................####...
........................### ##..
.......................## ##.
/......................### #.
................### ##
..................#### #


You could see a hound and Mandevil's ghost.

Vanquished Creatures
  Prince Ribbit (D:8)
  2 hungry ghosts
  A hippogriff (D:8)
  2 sky beasts (D:5)
  A phantom (D:4)
  5 ogres
  A centaur (D:7)
  2 crocodiles
  Blork the orc (D:5)
  A giant frog (D:7)
  3 scorpions
  3 crimson imps
  A hound (D:4)
  A giant frog zombie (D:5)
  4 orc priests (D:7)
  4 giant frog skeletons
  A jelly (D:7)
  A centaur skeleton (D:5)
  2 worker ants (D:7)
  7 orc wizards
  3 gnolls (D:8)
  An adder (D:5)
  3 shadow imps
  An ooze (D:3)
  2 worms
  2 giant geckos
  21 orcs
  7 giant cockroaches
  5 goblins
  3 hobgoblins
  9 jackals
  8 kobolds
  A quokka (D:3)
  6 bats
  A giant gecko zombie (D:5)
  5 giant newts
  A jackal skeleton (D:5)
  A quokka skeleton (D:4)
  5 rats
129 creatures vanquished.

Vanquished Creatures (others)
  A fungus (D:2)
1 creature vanquished.

Grand Total: 130 creatures vanquished

Notes
Turn   | Place    | Note
--------------------------------------------------------------
     0 | D:1      | Sachiko the Ghoul Monk began the quest for the Orb.
     0 | D:1      | Reached XP level 1. HP: 19/19 MP: 0/0
   561 | D:1      | Reached XP level 2. HP: 22/25 MP: 1/1
   790 | D:2      | Found a blossoming altar of Fedhas.
   802 | D:2      | Found an opulent altar of Gozag.
  1689 | D:3      | Reached XP level 3. HP: 23/32 MP: 2/2
  1929 | D:3      | Reached skill level 5 in Unarmed Combat
  2158 | D:4      | Reached XP level 4. HP: 29/39 MP: 3/3
  2233 | D:4      | Got an ominously black robe
  2244 | D:4      | Identified the +2 robe of the Beginning {rElec Int+4} (You found it on level 4 of the Dungeon)
  2246 | D:4      | Noticed a scorpion
  2254 | D:4      | Killed a scorpion
  2254 | D:4      | Reached XP level 5. HP: 38/45 MP: 4/4
  2442 | D:4      | Noticed an ogre
  2450 | D:4      | Killed an ogre
  2737 | D:4      | Noticed a phantom
  2747 | D:4      | Reached XP level 6. HP: 31/53 MP: 5/5
  3283 | D:4      | Killed a phantom
  3283 | D:4      | Reached skill level 6 in Unarmed Combat
  3564 | D:4      | Noticed a scorpion
  3577 | D:4      | Reached skill level 5 in Fighting
  3586 | D:4      | Killed a scorpion
  3586 | D:4      | Reached skill level 5 in Dodging
  3586 | D:4      | Reached XP level 7. HP: 46/60 MP: 6/6
  3685 | D:5      | Entered Level 5 of the Dungeon
  3865 | D:5      | Found a stormy altar of Qazlal.
  3955 | D:5      | Reached skill level 7 in Unarmed Combat
  3955 | D:5      | Reached XP level 8. HP: 56/66 MP: 7/7
  3977 | D:5      | Noticed Blork the orc
  4021 | D:5      | Killed Blork the orc
  4241 | D:5      | Found Ongiar's Distillery.
  4853 | D:6      | Found a white marble altar of Elyvilon.
  4853 | D:6      | Noticed an angel
  4855 | D:6      | Found a runed door.
  4953 | D:6      | Found a sparkling altar of Nemelex Xobeh.
  5357 | D:6      | Became a worshipper of Nemelex Xobeh the Trickster
  5357 | D:6      | Received a gift from Nemelex Xobeh
  5357 | D:6      | Received a gift from Nemelex Xobeh
  5544 | D:7      | Reached skill level 8 in Unarmed Combat
  5729 | D:7      | Found a flagged portal.
  5834 | D:7      | Reached skill level 1 in Evocations
  5951 | D:7      | Reached XP level 9. HP: 78/78 MP: 8/8
  6035 | D:7      | Received a gift from Nemelex Xobeh
  6402 | D:7      | Found a staircase to the Ecumenical Temple.
  6416 | Temple   | Entered the Ecumenical Temple
  6446 | Temple   | Received a gift from Nemelex Xobeh
  6446 | Temple   | Received a gift from Nemelex Xobeh
  6536 | D:8      | Noticed Prince Ribbit
  6871 | D:8      | Reached skill level 9 in Unarmed Combat
  6940 | D:8      | Acquired Nemelex Xobeh's first power
  7120 | D:8      | Killed Prince Ribbit
  7141 | D:8      | Noticed Mandevil's ghost (experienced OgAM)
  7693 | D:8      | Demolished by Mandevil's ghost

Vault maps used:
D:1:      moated_graveyard_arrival
D:2:      wad_lake_hut, fedhas_altar_3, grunt_gozag_statues
D:3:      minmay_misc_feat_cross
D:4:      first_bread
D:5:      nicolae_overflow_hidden_temple, serial_shops, kennysheep_mini,
          uniq_blork_the_orc
D:6:      nemelex_xobeh_ov_fountains_minmay, lemuel_angel_altar
D:7:      minmay_temple_entry_enclosed_plants, enter_bailey_2
D:8:      uniq_prince_ribbit1
Temple:   temple_eino_lava_12

Action                   |  1- 3 |  4- 6 |  7- 9 || total
-------------------------+-------+-------+-------++-------
Melee: Unarmed           |   123 |    97 |   337 ||   557
Evoke: Wand              |       |       |     3 ||     3
       Deck              |       |       |    17 ||    17
  Use: Potion            |     7 |     2 |     5 ||    14
       Scroll            |     4 |     2 |     7 ||    13
 Stab: Sleeping          |     5 |       |     3 ||     8
  Eat: Chunk             |     5 |     2 |    18 ||    25
       Beef jerky        |       |     1 |       ||     1
       Meat ration       |       |       |     1 ||     1
